 Dungeon Crawl Stone Soup version 0.27-a0-1193-g8631133539 (webtiles) character file.

Game seed: 16873599096373114311

262 gruber the Magician (level 6, -3/40 HPs)
             Began as a Djinni Hedge Wizard on May 26, 2021.
             Slain by an orc warrior
             ... wielding a +0 halberd
              (20 damage)
             ... on level 4 of the Dungeon.
             The game lasted 00:04:05 (5325 turns).

gruber the Magician (Djinni Hedge Wizard)           Turns: 5325, Time: 00:04:06

Health: -3/40      AC:  3    Str:  9    XL:     6   Next: 42%
Gold:   205        EV: 12    Int: 17    God:
                   SH:  0    Dex: 13

rFire    + + .     SeeInvis .   j - +2 club (spect)
rCold    . . .     Faith    .   (no shield)
rNeg     . . .     Spirit   .   b - +0 robe
rPois    ∞         Reflect  .   c - +0 hat
rElec    .         Harm     .   k - +0 cloak
rCorr    .         Rampage  .   (no gloves)
Will     .....                  (boots unavailable)
Stlth    ++........             (no amulet)
HPRegen  0.13/turn              l - ring of protection from cold
MPRegen  0.00/turn              (no ring)

@: flying
A: sickness immunity, fire resistance 2, cold vulnerability 1, float, innate
caster, hp casting, extra vitality 1
a: no special abilities


You were on level 4 of the Dungeon.
You visited 1 branch of the dungeon, and saw 4 of its levels.

You collected 205 gold pieces.

Inventory:

Hand Weapons
 a - a +0 dagger
 j - a +2 spectral club (weapon)
Missiles
 h - 36 stones
Armour
 b - a +0 robe (worn)
 c - a +0 hat (worn)
 k - a +0 cloak (worn)
Jewellery
 l - a ring of protection from cold (left hand)
Scrolls
 e - a scroll of blinking {unknown}
 f - a scroll of teleportation {unknown}
 g - 3 scrolls of identify {unknown}
 m - a scroll of vulnerability {unknown}
 n - a scroll of fog {unknown}
Potions
 d - a potion of resistance {unknown}
 i - a potion of brilliance {unknown}
 o - a potion of flight {unknown}
 p - a potion of curing


   Skills:
 - Level 2.1 Dodging
 - Level 1.5 Stealth
 + Level 5.2 Spellcasting


You couldn't memorise any spells.
You knew the following spells:

 Your Spells              Type           Power      Damage    Failure   Level
a - Magic Dart            Conj           88%        1d7       1%          1
b - Blink                 Tloc           N/A        N/A       2%          2
c - Call Imp              Summ           22%        N/A       2%          2
d - Slow                  Hex            22%        N/A       2%          2
e - Conjure Flame         Conj/Fire      22%        6-21      4%          3
f - Mephitic Cloud        Conj/Pois/Air  22%        N/A       4%          3
g - Sandblast             Erth           44%        2d11      1%          1
h - Ensorcelled Hibernat  Hex/Ice        44%        N/A       2%          2
Your spell library was empty.

Dungeon Overview and Level Annotations

Branches:
Dungeon (4/15)             Temple (0/1) D:4

Altars:
Elyvilon
Hepliaklqana
Okawaru
Xom
Zin

Shops:
D:4 =


Innate Abilities, Weirdness & Mutations

You are immune to sickness and miasma.
You are immune to poison.
Your flesh is very heat resistant. (rF++)
You are vulnerable to cold. (rC-)
You float through the air rather than walking.
You learn spells naturally, not from books.
Your magical power is your life essence.
You have superior vitality. (+4 HP)


Message History

The orc shouts!
An orc is nearby!
The magic dart hits the orc.
The orc is moderately wounded.
The magic dart hits the orc.
The orc is severely wounded.
The magic dart hits the orc!
You kill the orc!
You can't see any susceptible monsters within range! (Use Z to cast anyway.)
You can't see any susceptible monsters within range! (Use Z to cast anyway.)
You see here a +0 hand axe.
You now have 205 gold pieces (gained 13).
p - a potion of curing
There is an entrance to Egenaule's Jewellery Shoppe here.
Unknown command.
There is a stone staircase leading up here.
There is an open door here.
Items here: )) [ ÷÷.
You reach down and open the door.
There is an open door here.
Found a staircase to the Ecumenical Temple.
An orc warrior is nearby!
An orc warrior is nearby!
The magic dart hits the orc warrior but does no damage.
The orc warrior shouts!
The magic dart hits the orc warrior.
The orc warrior is lightly wounded.
The orc warrior hits you from afar with a +0 halberd!!
Casting: Magic Dart (safe; 1% risk of failure)
Confirm with . or Enter, or press ? or * to list all spells.
Aiming: Mephitic Cloud (dangerous; 4% risk of failure)
Press: ? - help, Shift-Dir - straight line, f/p - orc warrior
Aim: an orc warrior, wielding a +0 halberd and wearing a +0 plate armour (lightly wounded, chance to affect: 81%)
The ball explodes into a vile cloud!
The stinking cloud engulfs the orc warrior but does no damage.
The orc warrior is lightly wounded.
The orc warrior is engulfed in noxious fumes.
The orc warrior hits you from afar with a +0 halberd!!
Ouch! That really hurt!
You die...

#... .. # #... #.
#.##... # #. #.#.#....
#.####.#########.#.#....
.......☼☼............∩
....§o○.............
#..§○☼......#.#.#..
##.@##########.#.###
#P.............#.##.
..>....#######.#.#.<....
#...#P. #.......#.##...
##. ##. #.###.###'#....
#P #. #.#........ # ##
##.###'#........
#.......)....#...
+............#...


You could see an orc warrior.

Vanquished Creatures
  A hound (D:4)
  Crazy Yiuf (D:2)
  Jessica (D:2)
  An iguana (D:3)
  Natasha (twice) (D:2)
  Terence (D:2)
  2 adders
  3 dart slugs
  9 orcs
  4 ball pythons
  3 bats
  3 endoplasms (D:2)
  2 giant cockroaches (D:1)
  4 goblins
  3 hobgoblins
  3 jackals (D:1)
  2 quokkas
  A frilled lizard (D:2)
  2 kobolds
48 creatures vanquished.

Notes
Turn   | Place    | Note
-------+----------+-------------------------------------------
     0 | D:1      | gruber the Djinni Hedge Wizard began the quest for the Orb.
     0 | D:1      | Reached XP level 1. HP: 15/15 MP: 0/0
   195 | D:1      | Reached XP level 2. HP: 5/21 MP: 0/0
   708 | D:1      | Reached skill level 3 in Spellcasting
  1055 | D:1      | Found a faded altar of an unknown god.
  1478 | D:1      | Reached XP level 3. HP: 23/25 MP: 0/0
  1478 | D:1      | Learned a level 1 spell: Sandblast
  1895 | D:2      | Noticed Terence
  1897 | D:2      | Noticed Natasha
  2301 | D:2      | Killed Terence
  2302 | D:2      | Reached XP level 4. HP: 8/31 MP: 0/0
  2544 | D:2      | Killed Natasha
  2720 | D:2      | Noticed Natasha
  2727 | D:2      | Killed Natasha
  2728 | D:2      | Reached skill level 4 in Spellcasting
  2728 | D:2      | Reached XP level 5. HP: 9/35 MP: 0/0
  2728 | D:2      | Learned a level 2 spell: Ensorcelled Hibernation
  3170 | D:2      | Noticed Jessica
  3178 | D:2      | Killed Jessica
  3340 | D:2      | Found a runed translucent door.
  3341 | D:2      | Noticed Crazy Yiuf
  3498 | D:2      | Killed Crazy Yiuf
  3757 | D:3      | Reached XP level 6. HP: 13/40 MP: 0/0
  4467 | D:2      | Reached skill level 5 in Spellcasting
  4832 | D:3      | Found a shimmering altar of Xom.
  4832 | D:3      | Found an iron altar of Okawaru.
  4833 | D:3      | Found a hazy altar of Hepliaklqana.
  4835 | D:3      | Found a glowing silver altar of Zin.
  4836 | D:3      | Found a white marble altar of Elyvilon.
  4868 | D:4      | Noticed an orc warrior
  5240 | D:4      | Found Egenaule's Jewellery Shoppe.
  5319 | D:4      | Found a staircase to the Ecumenical Temple.
  5325 | D:4      | Slain by an orc warrior

Illustrated notes

Levels and vault maps discovered:
D:1:      minmay_arrival_four_circles, layout_loops_ring,
          shapermc_ecumenical_altar_flowoftime, palyth_stone_intersect,
          serial_park_tiny_2
D:2:      layout_basic, uniq_crazy_yiuf_cottage, uniq_jessica, uniq_natasha,
          uniq_terence
D:3:      layout_loops_ring, minitemple
D:4:      cheibrodos_pilgrimage, layout_basic,
          minmay_temple_entry_gardened_gates, serial_shops, shop, uniq_ijyb

Skill      XL: |  1  2  3  4  5  6 |
---------------+-------------------+-----
Spellcasting   | 3 4 5 |  5.2
Dodging        | |  2.1
Stealth        | |  1.5

Action                   |  1- 3 |  4- 6 || total
-------------------------+-------+-------++-------
Melee: Club              |       |     1 ||     1
 Cast: Magic Dart        |    70 |   107 ||   177
       Mephitic Cloud    |     2 |     3 ||     5
       Blink             |     1 |     2 ||     3
Armor: Robe              |     1 |     3 ||     4
Dodge: Dodged            |    13 |    18 ||    31

Table legend: (Time is in decaauts)
 A = Elapsed time spent in this place.
 B = Non-inter-level travel time spent in this place.
 C = Inter-level travel time spent in this place.
 D = Time resting spent in this place.
 E = Time spent auto-exploring this place.
 F = Levels seen in this place.
 G = Mean time per level.
                   A        B        C        D        E       F      G
               +--------+--------+--------+--------+--------+-----+--------+
         Total |   5336 |   5185 |    151 |   1212 |   3596 |   4 | 1334.0 |
       Dungeon |   5336 |   5185 |    151 |   1212 |   3596 |   4 | 1334.0 |
               +--------+--------+--------+--------+--------+-----+--------+

Top non-repeatable levels by time:
     D:2: 2063 daAuts
     D:1: 1824 daAuts
     D:3: 1182 daAuts
     D:4: 265 daAuts
